 Dungeon Crawl Stone Soup version bcrawl-1.37.1 (webtiles) character file.

Game seed: 16088340681430769931

9896130 Mehrunes the Eclecticist (level 19, 0/116 HPs)
             Began as a Skeleton Necromancer on Oct 22, 2022.
             Was the Champion of Ru.
             Killed by dispel undead
             ... invoked by Mehrunes's illusion (illusionary)
             ... woven by Mara
              (41 damage)
             ... on level 2 of the Vaults on Oct 23, 2022.
             The game lasted 02:50:34 (40488 turns).

Mehrunes the Eclecticist (Skeleton Necromancer)    Turns: 40488, Time: 02:50:35

Health: 0/116      AC: 33    Str: 17 (18) XL:     19   Next: 49%
Magic:  0/42       EV:  6    Int: 18 (19) God:    Ru [******]
Gold:   1950       SH: 19    Dex: 13 (16) Spells: 39/57 levels left

rFire    . . .     GDR:     36% g - +1 scimitar (elec)
rCold    . . .     SeeInvis +   u - +0 medium shield
rNeg     + + +     Gourm    .   z - +5 plate armour of the Mind {rCorr Dex+7 Stlth+}
rPois    ∞         Faith    .   b - +4 helmet "Bauhany" {rElec Int+4}
rElec    +         Spirit   +   q - +2 cloak {+Inv}
rCorr    +         Reflect  +   Z - +0 pair of gloves
MR       ++...                  r - +2 pair of boots of Baldness {Regen+ Int+4}
Stlth    ++........             v - +3 amulet of reflection
HPRegen  0.69/turn              s - ring of protection from fire
MPRegen  0.28/turn              J - ring "Soujug" {rElec AC-3 Int-4 Slay+2 SInv}

@: exhausted, no scrolls, lightly drained
A: no food or potions, cold resistance 1, deterioration 1, negative energy
resistance 3, powered by death 2, torment resistance, weak 2, unbreathing, magic
shield, inability to read while threatened, inability to train dodging,
temperature sensitive, sturdy frame 2, spell healing
}: 2/15 runes: serpentine, gossamer
a: Draw Out Power, Power Leap, Apocalypse, Renounce Religion, Evoke Invisibility


You were on level 2 of the Vaults.
You worshipped Ru.
Ru was exalted by your worship.
You were not hungry.

You visited 7 branches of the dungeon, and saw 28 of its levels.
You visited 1 bazaar.

You collected 3538 gold pieces.
You spent 1588 gold pieces at shops.

Inventory:

Hand Weapons
 a - a +0 dagger of pain
 g - a +1 scimitar of electrocution (weapon)
 i - a +2 scimitar of flaming
 o - a +3 scimitar of flaming
 U - the cursed +1 war axe "Beetleslayer" {vamp, rC+ rN+++ Str+2 Dex-5}
   (You found it on level 6 of the Lair of Beasts)

   It inflicts no extra harm, but heals its wielder when it wounds a living foe.
   It affects your strength (+2).
   It affects your dexterity (-5).
   It protects you from cold.
   It renders you almost immune to negative energy.
   It has a curse placed upon it.
Armour
 b - the +4 helmet "Bauhany" (worn) {rElec Int+4}
   (You bought it in a shop on level 2 of the Snake Pit)

   It affects your intelligence (+4).
   It insulates you from electricity.
 e - a +5 plate armour of cold resistance
 h - a scarf of repulsion
 p - +0 iron dragon scales
 q - a +2 cloak of invisibility (worn)
 r - the +2 pair of boots of Baldness (worn) {Regen+ Int+4}
   (You found it on level 1 of the Vaults)

   It affects your intelligence (+4).
   It increases your rate of regeneration.
 u - a +0 medium shield (worn)
 z - the +5 plate armour of the Mind (worn) {rCorr Dex+7 Stlth+}
   (You bought it in a shop on level 2 of the Snake Pit)

   It affects your dexterity (+7).
   It provides partial protection from all sources of acid and corrosion.
   It makes you more stealthy.
 C - a +2 chain mail of magic resistance
 K - a +2 hat of magic resistance
 Z - a +0 pair of gloves (worn)
Jewellery
 l - an uncursed ring of insulation
 n - the ring "Temax" {Wiz Int+7 Slay+3}
   (You found it on level 2 of the Snake Pit)

   [ring of wizardry]

   It improves your spell success rate.
   It affects your intelligence (+7).
   It affects your accuracy and damage with ranged weapons and melee attacks
   (+3).
 s - a ring of protection from fire (left hand)
 t - an uncursed ring of resist corrosion
 v - a +3 amulet of reflection (around neck)
 J - the ring "Soujug" (right hand) {rElec AC-3 Int-4 Slay+2 SInv}
   (You bought it in a shop on level 2 of the Snake Pit)

   [ring of protection]

   It affects your AC (-3).
   It affects your intelligence (-4).
   It affects your accuracy and damage with ranged weapons and melee attacks
   (+2).
   It insulates you from electricity.
   It lets you see invisible.
 V - an uncursed ring of protection from magic
 W - an uncursed ring of flight
Wands
 y - a wand of acid (10)
 B - a wand of digging (17)
 L - a wand of iceblast (14)
 M - a wand of charming (10)
 N - a wand of disintegration (32)
 O - a wand of paralysis (46)
 R - a wand of clouds (4)
 T - a wand of flame (25)
Scrolls
 c - a scroll of magic mapping
 d - 16 scrolls of remove curse
 f - 8 scrolls of teleportation
 j - 5 scrolls of immolation
 k - 5 scrolls of amnesia
 m - 5 scrolls of blinking
 w - a scroll of silence
 x - 4 scrolls of enchant armour
 A - 2 scrolls of vulnerability
 G - 5 scrolls of fear
 Q - 2 scrolls of enchant weapon
 S - a scroll of torment
Miscellaneous
 E - a lamp of fire
 I - a lightning rod (4/4)
 X - a lightning rod (4/4)


   Skills:
 - Level 12.2(11.6) Fighting
 - Level 10.0(12.0) Short Blades
 - Level 12.8(13.3) Long Blades
 - Level 15.2(14.5) Armour
 - Level 7.0(6.4) Stealth
 - Level 13.0(12.3) Shields
 + Level 19.9(19.1) Spellcasting
 - Level 17.0(16.3) Necromancy
 - Level 8.0(7.4) Evocations


You had 39 spell levels left.
You knew the following spells:

 Your Spells              Type           Power        Failure   Level  Hunger
a - Necrotize             Necr           ######       1%          1    N/A
b - Vampiric Draining     Necr           ######....   1%          3    N/A
c - Agony                 Necr           ######..     1%          4    N/A
d - Animate Dead          Necr           N/A          1%          4    N/A
e - Dispel Undead         Necr           ######..     2%          5    N/A
f - Summon Butterflies    Summ           ###.....     63%         1    N/A

Your spell library contained the following spells:

 Spells                   Type           Power        Failure   Level  Hunger
 Apportation              Tloc           ###...       63%         1    N/A
 Corona                   Hex            ###....      63%         1    N/A
 Infusion                 Chrm           ###.....     63%         1    N/A
 Sandblast                Erth           ###...       63%         1    N/A
 Slow                     Hex            ###.....     63%         1    N/A
 Ensorcelled Hibernation  Hex/Ice        ###...       77%         2    N/A
 Passwall                 Tmut/Erth      ###.....     77%         2    N/A
 Confuse                  Hex            ###.....     94%         3    N/A
 Dazzling Orbs            Conj/Hex       ###....      94%         3    N/A
 Stone Arrow              Conj/Erth      ###...       94%         3    N/A
 Tukima's Dance           Hex            ###.....     94%         3    N/A
 Cause Fear               Hex            ###.......   100%        4    N/A
 Petrify                  Tmut/Erth      ###.......   100%        4    N/A
 Lee's Rapid Deconstruct  Erth           ###.......   100%        5    N/A

Dungeon Overview and Level Annotations

Branches:
Dungeon (12/12)            Temple (1/1) D:5            Lair (6/6) D:8
  Snake (3/3) Lair:2       Spider (3/3) Lair:3        Slime (0/5) Lair:5
    Orc (1/1) D:8             Elf (0/3) Orc          Vaults (2/3) D:12
 Depths (0/5) D:12
  Crypt: Vaults:1-2

Altars:
Ashenzari
Cheibriados
Dithmenos
Gozag
Hepliaklqana
Kikubaaqudgha
Lugonu
Makhleb
Nemelex Xobeh
Okawaru
Qazlal
Ru
Sif Muna
Trog
Uskayaw
Vehumet
Wu Jian
Xom
Yredelemnul
Jiyva

Shops:
D:6 ((=(   Orc *!%(}   Snake:2 !=[[[   Vaults:1 !   Vaults:2 ((*}

Annotations:
D:4 1 runed translucent door, yrara's ghost, novice DsFi
D:5 Grinder
D:9 1 transporter
Lair:5 exclusion: 3 oklob plants
Spider:3 exclusion: orange crystal statue
Vaults:2 Mara


Innate Abilities, Weirdness & Mutations

You do not eat or drink.
You are immune to poison.
Your flesh is cold resistant. (rC+)
Your body sometimes deteriorates upon taking damage.
You are immune to negative energy. (rN+++)
You regenerate health from kills.
You are immune to unholy pain and torment.
You are very weak. (Str -4)
You can survive without breathing.
When hurt, damage is shared between your health and your magic reserves.
You cannot read scrolls while threatened.
You cannot train Dodging skill.
You are sensitive to extremes of temperature. (rF-, rC-)
Your movements are less encumbered by armour. (ER -4)
Casting spells heals you.


Message History

Mara begins to attack, but is stunned by your will!
You hit Mara.
Mara is almost dead.
Mara begins to attack, but is stunned by your will!
Mehrunes's illusion hits you but does no damage.
Mara gestures at you. The bolt of fire hits you!!
Your body deteriorates!
You feel clumsy.
The bolt of fire hits Mara.
Mara resists.
You hit Mara but do no damage. Lightning courses through Mara!
You kill Mara!
Mara hits you from afar with a +2 demon trident of electrocution.
Mehrunes's illusion is stunned by your will and fails to attack.
Mara begins to attack, but is stunned by your will!
Mara blinks!
Mara begins to attack, but is stunned by your will!
Mara blinks!
Mehrunes's illusion gestures at you while chanting.
You convulse!
You die...

#......##.....#........#
#......##.....#........#
#......##.###.##.......#
#......))..#...'.......#
#......#<..#...#.......#
#......#...#...#.......#
#......##.###.##.......##########
#########.....#..................
....... #.....#.@................
........#######@.................
.........R.§.....................
...............................#
...............................#
##..#################..........#
#..........# #..........#
#..........+


You could see Mehrunes's illusion.

Vanquished Creatures
  Sojobo (Vaults:2)
  Vashnia (Snake:3)
  Arachne (Spider:3)
  Gastronok (Lair:2)
  Kirke (Lair:6)
  2 nagarajas
  A fire giant (shapeshifter) (Snake:3)
  3 fire giants (Vaults:2)
  Aizul (Snake:3)
  5 vault wardens
  An orc warlord (Orc)
  3 ghost moths
  2 emperor scorpions (Spider:3)
  A very ugly thing (Vaults:2)
  7 ironheart preservers
  An entropy weaver (Spider:2)
  A deep elf annihilator (Vaults:1)
  3 spark wasps (Spider:3)
  A deep elf death mage (Vaults:1)
  Josephine (Lair:4)
  3 rakshasas
  8 vault guards
  3 yaktaur captains
  11 naga warriors
  4 hydras
  A death knight (D:10)
  An anaconda (shapeshifter) (Vaults:1)
  4 ogre magi
  A catoblepas (Lair:6)
  7 anacondas
  An alligator (Lair:4)
  5 death yaks
  21 two-headed ogres
  4 shock serpents
  10 naga sharpshooters (Snake:3)
  4 deep trolls (Vaults:1)
  8 skeletal warriors
  A spark wasp zombie (D:12)
  A salamander mystic (Snake:3)
  6 centaur warriors
  3 wizards
  A glowing orange brain (Vaults:1)
  An unseen horror (D:12)
  2 flayed ghosts
  2 deep elf archers (Vaults:1)
  2 necromancers
  5 naga ritualists (Snake:3)
  A lindwurm (Lair:6)
  2 orc knights (Orc)
  5 ironheart convokers
  13 orb spiders
  2 cyclopes
  20 wolf spiders
  8 mana vipers
  A stone giant zombie (D:12)
  4 salamanders
  2 deep elf magi
  7 ugly things
  4 orc sorcerers (Orc)
  2 manticores
  3 moths of wrath
  A torpor snail (Lair:5)
  3 vault sentinels (Vaults:1)
  2 guardian serpents
  38 black mambas
  A gargoyle (D:9)
  6 naga magi
  12 cane toads
  6 yaktaurs
  A rime drake (Lair:4)
  26 jumping spiders
  A kobold demonologist (D:12)
  8 demonic crawlers
  A freezing wraith (Vaults:1)
  2 eyes of draining (D:10)
  9 komodo dragons
  A tengu conjurer (D:10)
  7 trolls
  A tyrant leech (Lair:6)
  5 hornets
  13 blink frogs
  A deep troll zombie (D:12)
  A frost giant simulacrum (Vaults:1)
  18 dream sheep
  6 hippogriffs
  A meliai zombie (D:12)
  Grum (Lair:4)
  2 harpy skeletons
  7 slime creatures
  An ice dragon zombie (D:12)
  A slime creature (shapeshifter) (Snake:3)
  11 tarantellas
  Sigmund (D:6)
  15 yaks
  7 wraiths
  Eustachio (D:6)
  7 vampire mosquitoes
  3 fire elementals (Snake:2)
  2 hogs
  A black mamba skeleton (D:10)
  38 redbacks
  A human (shapeshifter) (Vaults:2)
  13 nagas
  12 crocodiles
  3 wargs (Orc)
  19 water moccasins
  2 hell hounds (Snake:2)
  3 porcupines
  20 orc warriors
  2 ice beasts (D:5)
  4 necrophages (D:6)
  14 ogres
  10 boggarts
  13 wolves
  14 bullfrogs
  A kobold brigand (D:4)
  24 centaurs
  4 scorpions
  Dowan (D:4)
  11 killer bees
  6 wights
  4 howler monkeys
  9 orc priests
  4 electric eels
  2 crimson imps
  2 bullfrog zombies
  6 hounds
  A jelly (D:12)
  7 orc wizards
  A bullfrog skeleton (D:8)
  An iguana (D:4)
  8 worker ants
  A hound skeleton (D:7)
  2 howler monkey zombies
  13 adders
  A shadow imp (D:8)
  An adder zombie (D:6)
  An adder skeleton (D:8)
  4 worms
  3 dart slugs
  A leopard gecko (D:2)
  41 orcs
  3 bats
  2 giant cockroaches
  A gnoll zombie (D:4)
  5 goblins
  12 hobgoblins
  9 jackals
  A quokka (D:4)
  A ball python (Snake:1)
  3 frilled lizards
  14 kobolds
  A quokka skeleton (D:4)
  5 rats
  10 fungi (Lair:6)
  2 plants (Lair:6)
  A withered plant (D:12)
861 creatures vanquished.

Vanquished Creatures (collateral kills)
  Asterion (Snake:1)
  A nagaraja (Snake:3)
  An emperor scorpion (Spider:3)
  A ghost moth (Spider:3)
  An ironheart preserver (Vaults:1)
  2 entropy weavers
  Azrael (Snake:2)
  Snorg (Lair:5)
  Urug (Lair:5)
  A naga warrior (Snake:3)
  A vault guard (D:12)
  A hydra (Lair:3)
  6 anacondas
  3 ogre magi (Vaults:1)
  4 two-headed ogres
  A naga sharpshooter (Snake:3)
  A death yak (Lair:4)
  An orc high priest (Orc)
  A centaur warrior (D:11)
  A naga ritualist (Snake:1)
  A cyclops (Vaults:1)
  An ironheart convoker (Vaults:1)
  7 wolf spiders
  6 orb spiders (Spider:3)
  5 ugly things
  A salamander (Snake:2)
  A guardian serpent (Snake:1)
  A torpor snail (Spider:3)
  9 black mambas
  2 naga magi
  A vault sentinel (Vaults:2)
  A gargoyle (D:12)
  5 cane toads (Lair:6)
  3 komodo dragons
  A yaktaur (Vaults:1)
  A rime drake (Lair:6)
  A demonic crawler (Spider:3)
  12 jumping spiders
  3 hornets (Spider:3)
  A tyrant leech (Lair:6)
  A polar bear (Lair:5)
  3 hippogriffs
  8 blink frogs
  3 dream sheep (Lair:5)
  2 slime creatures
  12 tarantellas
  A wraith (Lair:4)
  8 yaks
  A wyvern (D:10)
  5 hogs
  A fire elemental (Snake:2)
  A basilisk (Lair:6)
  A vampire mosquito (Lair:6)
  17 redbacks
  A steam dragon (D:10)
  An acid dragon (Lair:2)
  6 nagas
  2 crocodiles
  4 water moccasins
  A porcupine (Lair:1)
  Duvessa (D:4)
  An ice beast (D:11)
  A hornet zombie (D:6)
  7 orc warriors (Orc)
  A black bear (Lair:4)
  3 ogres
  2 wolves (Lair:1)
  10 bullfrogs
  2 centaurs (Orc)
  4 orc priests
  A bullfrog skeleton (D:4)
  3 orc wizards
  A worker ant (D:12)
  2 adders (Snake:1)
  A howler monkey skeleton (D:5)
  A shadow imp (D:8)
  A worm (D:2)
  An adder skeleton (D:6)
  A dart slug (D:3)
  12 orcs
  A ball python (D:2)
  A gnoll zombie (D:4)
  2 jackals
  2 frilled lizards
  4 kobolds
  2 rats (D:2)
  4 fungi
  A plant (Lair:5)
246 creatures vanquished.

Vanquished Creatures (others)
  Nikola (Snake:3)
  Nessos (Lair:4)
  A deep elf annihilator (Vaults:1)
  2 yaktaur captains
  A naga warrior (Snake:1)
  An anaconda (shapeshifter) (Snake:3)
  A dancing weapon (Vaults:1)
  A two-headed ogre (Vaults:1)
  2 wolf spiders
  A black mamba (Snake:2)
  A naga mage (Snake:3)
  A torpor snail (Lair:4)
  2 demonic crawlers
  An eye of draining (shapeshifter) (Vaults:1)
  A yaktaur (Vaults:1)
  A meliai zombie (D:10)
  A tarantella (Spider:3)
  2 yaks
  A redback (Spider:3)
  A crocodile (Lair:5)
  A water moccasin (Lair:2)
  An orc warrior (Orc)
  An ogre (Vaults:1)
  A wolf (Lair:1)
  2 orc priests
  An orc (Orc)
  2 bushes (D:6)
  12 fungi
  58 plants
103 creatures vanquished.

Grand Total: 1210 creatures vanquished

Notes
Turn   | Place    | Note
-------+----------+-------------------------------------------
     0 | D:1      | Mehrunes the Skeleton Necromancer began the quest for the
                  | Orb.
     0 | D:1      | Reached XP level 1. HP: 10/10 MP: 4/4
   188 | D:1      | Reached XP level 2. HP: 15/15 MP: 3/6
   254 | D:1      | Reached skill level 5 in Necromancy
   723 | D:1      | Reached XP level 3. HP: 19/19 MP: 3/7
   727 | D:1      | Learned a level 3 spell: Vampiric Draining
  1149 | D:2      | Reached XP level 4. HP: 16/24 MP: 0/8
  2202 | D:3      | Reached XP level 5. HP: 28/28 MP: 5/9
  2680 | D:4      | Gained mutation: You regenerate a little health from kills.
                  | [Skeleton growth]
  2680 | D:4      | Reached XP level 6. HP: 17/32 MP: 1/10
  2752 | D:4      | Found a basalt altar of Yredelemnul.
  2777 | D:4      | Found a runed translucent door.
  2785 | D:4      | Noticed yrara's ghost (novice DsFi)
  2816 | D:4      | Reached skill level 4 in Spellcasting
  2881 | D:4      | Noticed Dowan
  2992 | D:4      | Noticed Duvessa
  3403 | D:4      | Killed Dowan
  3585 | D:4      | Learned a level 4 spell: Agony
  3590 | D:4      | Learned a level 4 spell: Animate Dead
  3666 | D:4      | Reached skill level 5 in Spellcasting
  3863 | D:4      | Killed Duvessa
  3864 | D:4      | Reached skill level 6 in Spellcasting
  3864 | D:4      | Reached XP level 7. HP: 11/36 MP: 0/16
  4085 | D:5      | Entered Level 5 of the Dungeon
  4238 | D:5      | Reached skill level 7 in Spellcasting
  4367 | D:5      | Found a sacrificial altar of Ru.
  4390 | D:5      | Became a worshipper of Ru the Awakened
  4460 | D:5      | Found a staircase to the Ecumenical Temple.
  4480 | D:5      | Noticed Grinder
  4496 | Temple   | Entered the Ecumenical Temple
  4808 | D:5      | Reached skill level 8 in Spellcasting
  5025 | D:5      | Reached skill level 1 in Short Blades
  5034 | D:5      | Learned a level 5 spell: Dispel Undead
  5425 | D:6      | Found Vojes's Antique Weapon Boutique.
  5463 | D:6      | Reached XP level 8. HP: 22/41 MP: 10/20
  5590 | D:6      | Reached skill level 5 in Short Blades
  5590 | D:6      | Reached skill level 1 in Armour
  5874 | D:6      | Found Dikur's Jewellery Shop.
  5904 | D:6      | Reached skill level 1 in Fighting
  5907 | D:6      | Found Enuonub's Weapon Shop.
  6140 | D:6      | Gained mutation: You are sensitive to extremes of
                  | temperature. (rF-, rC-) [Ru sacrifice]
  6140 | D:6      | Reached * piety under Ru
  6140 | D:6      | Reached ** piety under Ru
  6150 | D:6      | Noticed Eustachio
  6151 | D:6      | Found Ecih Ygasi's Antique Weapon Emporium.
  6159 | D:6      | Killed Eustachio
  6386 | D:6      | Found a blossoming altar of Fedhas.
  6530 | D:6      | Reached skill level 5 in Fighting
  6699 | D:6      | Reached XP level 9. HP: 50/55 MP: 3/21
  6805 | D:6      | Noticed Sigmund
  6809 | D:6      | Killed Sigmund
  8184 | D:8      | Found a staircase to the Orcish Mines.
  8202 | D:8      | Noticed a troll
  8209 | D:8      | Killed a troll
  8375 | D:8      | Noticed a death yak
  8816 | D:8      | Found a staircase to the Lair.
  8816 | D:8      | Noticed a death yak
  8816 | D:8      | Noticed a death yak
  8816 | D:8      | Noticed a death yak
  8816 | D:8      | Noticed a death yak
  8816 | D:8      | Noticed a death yak
  8844 | D:9      | Noticed a two-headed ogre
  8931 | Lair:1   | Entered Level 1 of the Lair of Beasts
  9252 | Lair:1   | Reached skill level 10 in Necromancy
  9255 | Lair:1   | Gained mutation: Your movements are less encumbered by
                  | armour. (ER -4) [Skeleton growth]
  9255 | Lair:1   | Reached XP level 10. HP: 62/64 MP: 1/22
  9391 | Lair:1   | Gained mutation: You cannot read scrolls while threatened.
                  | [Ru sacrifice]
  9391 | Lair:1   | Reached *** piety under Ru
  9516 | Lair:1   | Noticed a cane toad
  9521 | Lair:1   | Killed a cane toad
 10217 | Lair:1   | Reached skill level 5 in Armour
 10315 | Lair:2   | Noticed a black mamba
 10332 | Lair:2   | Killed a black mamba
 10443 | Lair:2   | Reached XP level 11. HP: 51/68 MP: 4/23
 10516 | Lair:2   | Found a dark tunnel.
 10529 | Lair:2   | Reached skill level 5 in Dodging
 10668 | Lair:2   | Noticed Gastronok
 10824 | Lair:2   | Learned a level 1 spell: Summon Butterflies
 10853 | Lair:2   | Found a staircase to the Snake Pit.
 10932 | Lair:2   | Reached skill level 9 in Spellcasting
 11269 | Lair:2   | Reached skill level 10 in Spellcasting
 11345 | Lair:2   | Found the +8 whip "Snakebite" {curare, rPois}
 11579 | Lair:2   | Killed Gastronok
 11580 | Lair:2   | Reached skill level 12 in Spellcasting
 11812 | Lair:3   | Noticed a four-headed hydra
 11819 | Lair:3   | Killed a four-headed hydra
 11870 | Lair:3   | Gained mutation: You are weak. (Str -2) [Ru sacrifice]
 11870 | Lair:3   | Reached **** piety under Ru
 11949 | Lair:3   | Found a hole to the Spider Nest.
 12042 | Lair:3   | Reached skill level 10 in Fighting
 12573 | Lair:4   | Reached XP level 12. HP: 77/77 MP: 6/28
 12629 | Lair:4   | Noticed an alligator
 12636 | Lair:4   | Killed an alligator
 12844 | Lair:4   | Noticed a death yak
 12848 | Lair:4   | Noticed a death yak
 12864 | Lair:4   | Killed a death yak
 12879 | Lair:4   | Killed a death yak
 13065 | Lair:4   | Noticed Josephine
 13184 | Lair:4   | Noticed Nessos
 13195 | Lair:4   | Killed Nessos
 13311 | Lair:4   | Killed Josephine
 13948 | Lair:5   | Found a viscous altar of Jiyva.
 13948 | Lair:5   | Found a staircase to the Slime Pits.
 14014 | Lair:5   | Noticed Urug
 14028 | Lair:5   | Killed Urug
 14029 | Lair:5   | Reached skill level 5 in Stealth
 14134 | Lair:5   | Noticed Grum
 14369 | Lair:4   | Killed Grum
 14430 | Lair:5   | Noticed an eight-headed hydra
 14558 | Lair:5   | Noticed a seven-headed hydra
 14574 | Lair:5   | Killed a seven-headed hydra
 14665 | Lair:5   | Noticed Snorg
 14673 | Lair:5   | Killed Snorg
 14674 | Lair:5   | Reached skill level 10 in Armour
 14751 | Lair:5   | Reached XP level 13. HP: 81/82 MP: 21/29
 15311 | Lair:6   | Entered Level 6 of the Lair of Beasts
 15312 | Lair:6   | Gained mutation: You are very weak. (Str -4) [Ru sacrifice]
 15312 | Lair:6   | Reached ***** piety under Ru
 15364 | Lair:6   | Noticed Kirke
 16050 | Lair:6   | Reached skill level 10 in Short Blades
 16302 | Lair:6   | Reached skill level 13 in Spellcasting
 16521 | Lair:6   | Killed Kirke
 16522 | Lair:6   | Reached skill level 14 in Spellcasting
 16678 | Lair:6   | Reached XP level 14. HP: 56/88 MP: 6/32
 16787 | Lair:6   | Reached skill level 15 in Spellcasting
 17019 | Lair:6   | Got a crude robe
 17047 | Lair:6   | Got a blackened war axe
 17049 | Lair:6   | Got a clouded lapis lazuli ring
 17056 | Lair:6   | Identified the cursed ring "Roahek" {*Tele rN+} (You found
                  | it on level 6 of the Lair of Beasts)
 17710 | D:8      | Reached skill level 16 in Spellcasting
 18624 | D:10     | Entered Level 10 of the Dungeon
 18777 | D:10     | Got a warped robe
 21523 | D:12     | Entered Level 12 of the Dungeon
 21808 | D:12     | Reached XP level 15. HP: 94/94 MP: 26/35
 21904 | D:12     | Reached skill level 15 in Necromancy
 22004 | D:12     | Found a gate to the Vaults.
 22273 | D:12     | Found a staircase to the Depths.
 22769 | D:12     | Found a gateway to a bazaar.
 22926 | Bazaar   | Entered a bazaar
 22931 | Bazaar   | Found Buloreim's Armour Boutique.
 22936 | Bazaar   | Found Kafeu's Assorted Antiques.
 22952 | Bazaar   | Found Ekhepeir's Gadget Boutique.
 22955 | Bazaar   | Found Qulauwk's Assorted Antiques.
 23104 | Orc      | Entered the Orcish Mines
 23104 | Orc      | Found a staircase to the Elven Halls.
 23224 | Orc      | Found a roughly hewn altar of Beogh.
 23231 | Orc      | Found Benakhlosh's General Store.
 23260 | Orc      | Noticed an orc warlord
 23282 | Orc      | Killed an orc warlord
 23782 | Orc      | Gained mutation: You cannot train Dodging skill. [Ru
                  | sacrifice]
 23782 | Orc      | Reached ****** piety under Ru
 23789 | Orc      | Found Aquatsem's Food Emporium.
 23789 | Orc      | Found Tausyik's Weapon Shop.
 23791 | Orc      | Found Lacwad's Gadget Boutique.
 23793 | Orc      | Found Aguta's Distillery.
 24388 | Snake:1  | Entered Level 1 of the Snake Pit
 24610 | Snake:1  | Reached skill level 15 in Armour
 24620 | Snake:1  | Identified the cursed +1 war axe "Beetleslayer" {vamp, rC+
                  | rN+++ Str+2 Dex-5} (You found it on level 6 of the Lair of
                  | Beasts)
 24779 | Snake:1  | Noticed Asterion
 24787 | Snake:1  | Noticed a cacodemon
 24791 | Snake:1  | Killed Asterion
 25121 | Snake:1  | Gained mutation: You regenerate health from kills.
                  | [Skeleton growth]
 25121 | Snake:1  | Reached XP level 16. HP: 99/101 MP: 31/36
 25633 | D:6      | Bought an uncursed ring of flight for 221 gold pieces
 25991 | Snake:2  | Got a coiled bone ring
 25994 | Snake:2  | Identified the ring "Temax" {Wiz Int+7 Slay+3} (You found
                  | it on level 2 of the Snake Pit)
 26126 | Snake:2  | Noticed Azrael
 26129 | Snake:2  | Reached skill level 1 in Evocations
 26135 | Snake:2  | Killed Azrael
 26487 | Snake:2  | Found Jiuc's Antique Armour Shop.
 26487 | Snake:2  | Found Zaut's Jewellery Shop.
 26499 | Snake:2  | Found Dolied's Antique Armour Shop.
 26506 | Snake:2  | Found Vunyithi's Antique Armour Shop.
 26513 | Snake:2  | Bought a buzzing plate armour for 868 gold pieces
 26513 | Snake:2  | Bought a jewelled helmet for 294 gold pieces
 26523 | Snake:2  | Identified the +5 plate armour of the Mind {rCorr Dex+7
                  | Stlth+} (You bought it in a shop on level 2 of the Snake
                  | Pit)
 26537 | Snake:2  | Identified the +4 helmet "Bauhany" {rElec Int+4} (You
                  | bought it in a shop on level 2 of the Snake Pit)
 26965 | Snake:2  | Found Canomuin's Distillery.
 27027 | Snake:2  | Reached skill level 5 in Evocations
 27600 | Snake:3  | Entered Level 3 of the Snake Pit
 28034 | Snake:3  | Noticed Aizul
 28063 | Snake:3  | Killed Aizul
 28730 | Snake:3  | Noticed Vashnia
 28733 | Snake:3  | Noticed Nikola
 28837 | Snake:3  | Killed Nikola
 29044 | Snake:3  | Killed Vashnia
 29045 | Snake:3  | Reached skill level 17 in Spellcasting
 29370 | Snake:3  | Reached skill level 18 in Spellcasting
 29602 | Snake:3  | Reached XP level 17. HP: 106/106 MP: 31/39
 29807 | Snake:3  | Found a shimmering altar of Xom.
 29885 | Snake:3  | Found a shimmering altar of Xom.
 30076 | Snake:3  | Found a shimmering altar of Xom.
 30077 | Snake:3  | Found a shimmering altar of Xom.
 30077 | Snake:3  | Found a shimmering altar of Xom.
 30096 | Snake:3  | Reached skill level 1 in Shields
 30505 | Snake:3  | Found a shimmering altar of Xom.
 30519 | Snake:3  | Noticed an acid blob
 30519 | Snake:3  | a stone giant changed into an acid blob
 30528 | Snake:3  | Noticed a golden dragon
 30528 | Snake:3  | an acid blob changed into a golden dragon
 30542 | Snake:3  | a golden dragon changed into an iron dragon
 30543 | Snake:3  | Noticed an acid blob
 30543 | Snake:3  | an iron dragon changed into an acid blob
 30547 | Snake:3  | an acid blob changed into an alligator snapping turtle
 30615 | Snake:3  | Found a shimmering altar of Xom.
 30617 | Snake:3  | Got a serpentine rune of Zot
 30965 | Spider:1 | Entered Level 1 of the Spider Nest
 31095 | Spider:1 | Reached skill level 5 in Shields
 31404 | Snake:2  | Bought the cursed ring "Soujug" {rElec AC-3 Int-4 Slay+2
                  | SInv} for 205 gold pieces
 33906 | Spider:3 | Entered Level 3 of the Spider Nest
 35331 | Spider:3 | Reached skill level 1 in Long Blades
 36156 | Spider:3 | Reached XP level 18. HP: 112/112 MP: 40/40
 36213 | Spider:3 | Reached skill level 10 in Shields
 36215 | Spider:3 | Reached skill level 5 in Long Blades
 36312 | Spider:3 | Noticed Arachne
 36533 | Spider:3 | Killed Arachne
 36663 | Spider:3 | Got a gossamer rune of Zot
 37344 | D:9      | Found a transporter.
 37934 | Vaults:1 | Entered Level 1 of the Vaults
 37981 | Vaults:1 | Identified the +2 pair of boots of Baldness {Regen+ Int+4}
 38350 | Vaults:1 | Reached skill level 10 in Long Blades
 38455 | Vaults:1 | Found Xamomurgh's Distillery.
 38579 | Vaults:1 | Reached XP level 19. HP: 110/116 MP: 36/41
 39662 | Vaults:2 | Found Yzian's Antique Weapon Boutique.
 39674 | Vaults:2 | Found Funigewn's Assorted Antiques.
 39714 | Vaults:2 | Found Cuju's Weapon Shoppe.
 39796 | Vaults:2 | Reached skill level 19 in Spellcasting
 40006 | Vaults:2 | Noticed Sojobo
 40031 | Vaults:2 | Killed Sojobo
 40248 | Vaults:2 | Found Niotus's Gadget Boutique.
 40426 | Vaults:2 | Noticed Mara
 40451 | Vaults:2 | Noticed Mehrunes's illusion
 40488 | Vaults:2 | Killed from afar by Mehrunes's illusion (illusionary)

Skill      XL: |  1  2  3  4  5  6  7  8  9 10 11 12 13 14 15 16 17 18 19 |
---------------+----------------------------------------------------------+-----
Necromancy     | 5 6 7 8 10 12 14 15 17 | 17.0
Spellcasting   | 6 8 12 14 16 18 19 | 19.9
Short Blades   | 4 5 10 | 10.0
Armour         | 3 4 7 10 11 12 15 | 15.2
Dodging        | 3 4 6 9 0 |  0.0
Fighting       | 5 8 10 11 12 | 12.2
Stealth        | 7 |  7.0
Evocations     | 8 |  8.0
Shields        | 9 13 | 13.0
Long Blades    | 3 11 12 | 12.8

Action                   |  1- 3 |  4- 6 |  7- 9 | 10-12 | 13-15 | 16-18 | 19-21 || total
-------------------------+-------+-------+-------+-------+-------+-------+-------++-------
Melee: Dagger            |    12 |       |   130 |   201 |   654 |  1561 |   343 ||  2901
       Hand axe          |       |    26 |    90 |       |       |       |       ||   116
       Whip              |       |       |       |    11 |       |       |       ||    11
       Scimitar          |       |       |       |       |       |    28 |    35 ||    63
Throw: Tomahawk          |       |       |       |     3 |       |       |       ||     3
 Cast: Necrotize         |    83 |   112 |   118 |   208 |   355 |   130 |    14 ||  1020
       Vampiric Draining |       |     8 |    26 |    46 |    78 |    19 |     5 ||   182
       Agony             |       |     3 |     8 |    33 |    51 |    88 |    19 ||   202
       Animate Dead      |       |     2 |     5 |    23 |    47 |    56 |     5 ||   138
       Dispel Undead     |       |       |    11 |     4 |    74 |     2 |     4 ||    95
Invok: Sacrifice Resista |       |       |     1 |       |       |       |       ||     1
       Draw Out Power    |       |       |       |     2 |     3 |     1 |     3 ||     9
       Sacrifice Words   |       |       |       |     1 |       |       |       ||     1
       Sacrifice Purity  |       |       |       |     1 |     1 |       |       ||     2
       Power Leap        |       |       |       |     1 |     1 |     4 |     2 ||     8
       Apocalypse        |       |       |       |       |    11 |     9 |     1 ||    21
       Reject Sacrifices |       |       |       |       |     1 |       |       ||     1
       Sacrifice Nimblen |       |       |       |       |     1 |       |       ||     1
 Abil: Evoke Invisibilit |       |       |       |       |       |     4 |       ||     4
       Stop Flying       |       |       |       |       |       |     1 |       ||     1
       Evoke Flight      |       |       |       |       |       |     1 |       ||     1
Evoke: Lightning rod     |       |       |       |     2 |       |     3 |       ||     5
       Wand              |       |       |       |       |       |     2 |       ||     2
       Phantom mirror    |       |       |       |       |       |       |     1 ||     1
  Use: Scroll            |       |     3 |     4 |    12 |    16 |     6 |       ||    41
 Stab: Sleeping          |       |     1 |       |       |     1 |     3 |     1 ||     6
       Distracted        |       |       |     2 |     2 |     7 |    26 |     7 ||    44
       Invisible         |       |       |       |       |     9 |    23 |     3 ||    35
       Petrified         |       |       |       |       |     2 |       |       ||     2
       Paralysed         |       |       |       |       |     3 |     6 |       ||     9
       Confused          |       |       |       |       |       |     1 |       ||     1
Armor: Robe              |     6 |     7 |    17 |       |       |       |       ||    30
       Ring mail         |       |       |    33 |       |       |       |       ||    33
       Chain mail        |       |       |    18 |   159 |   355 |       |       ||   532
       Troll leather arm |       |       |     9 |       |       |       |       ||     9
       Plate armour      |       |       |       |       |    38 |  1046 |   191 ||  1275
Dodge: Dodged            |    14 |    52 |   141 |   195 |   548 |   324 |    61 ||  1335
       Deflected         |       |     5 |    11 |     3 |    22 |       |       ||    41
Block: Other             |       |       |     4 |    48 |   104 |    47 |       ||   203
       Reflection        |       |       |       |       |     8 |    18 |    15 ||    41
       Medium shield     |       |       |       |       |       |   697 |   206 ||   903
